 Dungeon Crawl Stone Soup version 0.28-a0-1510-gd0f6b136d3 (webtiles) character file.

Game seed: 2016732501508849275

4911 frimble the Tainter (level 10, 0/64 (76) HPs)
             Began as a Demonspawn Warper on Jan 16, 2022.
             Was a Priest of Cheibriados.
             Slain by a wight (4 damage)
             ... on level 9 of the Dungeon.
             The game lasted 00:15:43 (10681 turns).

frimble the Tainter (Demonspawn Warper)            Turns: 10681, Time: 00:15:44

HP:   0/64 (76)     AC:  9    Str: 20    XL:     10   Next: 27%
MP:   14/14         EV: 13    Int: 32    God:    Cheibriados [***...]
Gold: 482           SH:  0    Dex: 21    Spells: 8/15 levels left

rFire   . . .      SeeInvis .   f - +1 long sword (flame)
rCold   . . .      Faith    .   (no shield)
rNeg    . . .      Spirit   .   y - +1 steam dragon scales
rPois   .          Reflect  .   (no helmet)
rElec   .          Harm     .   (cloak unavailable)
rCorr   .          Rampage  .   (no gloves)
Will    .....                   w - +0 pair of boots
Stlth   ++........              s - amulet of magic regeneration
HPRegen 0.20/turn               b - +6 ring of intelligence
MPRegen 0.54/turn               (no ring)

@: studying Armour, heavily drained, very slow
A: yellow scales 1, ignite blood 1, spiny 1, weakness stinger 3
a: Renounce Religion, Bend Time, Temporal Distortion


You were on level 9 of the Dungeon.
You worshipped Cheibriados.
Cheibriados was most pleased with you.
You visited 1 branch of the dungeon, and saw 9 of its levels.
You also visited: Bailey.

You collected 537 gold pieces.
You spent 55 gold pieces at shops.

Inventory:

Hand Weapons
 a - a +2 dagger of venom
 f - a +1 long sword of flaming (weapon)
 x - the +8 bardiche of Eternal Night {antimagic, Int+7 Dex+3}
   (You found it in a bailey)

   It reduces the magical energy of the wielder, and disrupts the spells and
   magical abilities of those it strikes.
   Natural abilities and divine invocations are not affected.
   Int:       It affects your intelligence (+7).
   Dex:       It affects your dexterity (+3).
Missiles
 d - 2 boomerangs of dispersal (quivered)
 n - 5 boomerangs
 t - 27 javelins
Armour
 k - +0 acid dragon scales
 p - a +0 pair of gloves
 w - a +0 pair of boots (worn)
 y - +1 steam dragon scales (worn)
Jewellery
 b - a +6 ring of intelligence (left hand)
 i - a ring of fire
 s - an amulet of magic regeneration (around neck)
Wands
 z - a wand of digging (3)
Scrolls
 c - 2 scrolls of blinking
 e - a scroll of vulnerability
 j - a scroll of noise
 o - 4 scrolls of identify
 q - a scroll of silence
 u - 4 scrolls of enchant armour
 A - a scroll of magic mapping
Potions
 g - 4 potions of brilliance
 h - a potion of degeneration {unknown}
 l - 3 potions of curing
 m - 2 potions of mutation {unknown}
 r - 4 potions of heal wounds
 v - a potion of magic {unknown}
 B - a potion of cancellation {unknown}


   Skills:
 - Level 6.1 Fighting
 - Level 6.9 Short Blades
 + Level 0.1(4.2) Long Blades
 - Level 0.8 Throwing
 - Level 0.8 Armour
 - Level 2.5 Dodging
 - Level 3.0 Spellcasting
 + Level 6.0 Translocations
 - Level 3.0 Transmutations
 + Level 9.3 Poison Magic


You had 8 spell levels left.
You knew the following spells:

 Your Spells              Type           Power      Damage    Failure   Level
a - Blink                 Tloc           86%        N/A       1%          2
b - Sting                 Tmut/Pois      100%       1d8       1%          1
c - Olgreb's Toxic Radia  Pois           59%        N/A       1%          4

Your spell library contained the following spells:

 Spells                   Type           Power      Damage    Failure   Level
 Poisonous Vapours        Pois/Air       68%        N/A       1%          2
 Gell's Gravitas          Tloc           43%        N/A       1%          3
 Lesser Beckoning         Tloc           43%        N/A       1%          3
 Teleport Other           Tloc           43%        N/A       1%          3
 Manifold Assault         Tloc           43%        N/A       14%         5
 Malign Gateway           Summ/Tloc      12%        N/A       100%        7
 Summon Horrible Things   Summ           2%         N/A       100%        8


Dungeon Overview and Level Annotations

Branches:
Dungeon (9/15)             Temple (0/1) D:5          Bailey (visited)
   Lair: D:8-11         Orc: D:9-12

Altars:
Cheibriados
Elyvilon
Gozag
Hepliaklqana
Kikubaaqudgha
Okawaru
Qazlal
Sif Muna
Trog
Uskayaw
Vehumet
Wu Jian
Zin

Shops:
D:2 =   D:8 *

Annotations:
D:2 1 runed translucent door, Crazy Yiuf
D:3 1 exclusion


Innate Abilities, Weirdness & Mutations

You are partially covered in yellow scales. (AC +2)
Your demonic aura sometimes causes spilled blood to erupt in flames.
You are partially covered in sharp spines.
You have a sharp stinger which inflicts weakening toxins.


Message History

The wight hits you with a +5 scimitar.
You feel drained.
The wight hits you from afar with a +2 spear!
The wight misses you. The wight closely misses you.
The wight hits you from afar with a +2 spear.
Things that are here:
a +0 spear; a +0 robe You are too injured to fight recklessly!
You are too injured to fight recklessly!
You are too injured to fight recklessly!
You are too injured to fight recklessly!
You slash the wight! You burn the wight.
The wight is severely damaged.
The wight hits you from afar with a +0 trident.
You feel drained. The wight closely misses you.
The wight hits you from afar with a +2 spear!
You feel drained. The wight barely misses you.
The wight hits you from afar with a +2 spear.
The wight is struck by your spines. The wight hits you with a +5 scimitar!!
* * * LOW HITPOINT WARNING * * *
You feel drained.
* * * LOW HITPOINT WARNING * * *
The wight closely misses you. The wight hits you but does no damage.
The wight hits you with a +5 scimitar.
* * * LOW HITPOINT WARNING * * *
You feel drained.
The wight hits you from afar with a +2 spear.
* * * LOW HITPOINT WARNING * * *
The wight hits you but does no damage.
You closely miss the wight.
The wight is almost destroyed.
The wight hits you with a +5 scimitar.
* * * LOW HITPOINT WARNING * * *
The wight hits you but does no damage. The wight misses you.
You hit the wight but do no damage.
The wight is almost destroyed.
The wight closely misses you. The wight hits you but does no damage.
The wight hits you from afar with a +0 trident!
* * * LOW HITPOINT WARNING * * *
You feel drained.
You die...

#'# ... #+####'## #
....... # #.. #....#.#
#........ #...#....#.#
#........ ...........#
#........ .........#
#........ ..#...##@#
#........ ......##z#
#.....[..
.##+#..zz#####........
####z............<
#....#.########
#....#.#......#
#....#.'......#
######......######.#
.................#.#


You could see 4 wights.

Vanquished Creatures
  Maggie (D:7)
  2 wyverns
  3 yaks (D:8)
  A steam dragon (D:6)
  11 orc warriors
  An ice beast (D:7)
  2 sky beasts
  A black bear (D:6)
  A necrophage (D:4)
  2 ogres
  11 centaurs (Bailey)
  2 kobold brigands
  A bullfrog (D:8)
  2 scorpions
  3 killer bees
  A wight (D:9)
  A jelly (D:5)
  A centaur zombie (D:5)
  5 hounds
  3 orc priests
  Natasha (thrice) (D:3)
  2 iguanas
  An orc wizard (D:8)
  3 gnolls (D:6)
  10 adders
  A howler monkey skeleton (D:6)
  A worm (D:4)
  A dart slug (D:2)
  51 orcs
  7 bats
  2 endoplasms
  2 giant cockroaches
  13 goblins
  8 hobgoblins
  3 quokkas
  14 ball pythons
  3 frilled lizards
  16 kobolds
  3 rats (D:1)
199 creatures vanquished.

Vanquished Creatures (others)
  2 plants (D:5)
2 creatures vanquished.

Grand Total: 201 creatures vanquished

Notes
Turn   | Place    | Note
-------+----------+-------------------------------------------
     0 | D:1      | frimble the Demonspawn Warper began the quest for the Orb.
     0 | D:1      | Reached XP level 1. HP: 16/16 MP: 3/3
   151 | D:1      | Gained mutation: You have a small tail. [demonic ancestry]
   151 | D:1      | Reached XP level 2. HP: 17/22 MP: 5/5
   154 | D:1      | Learned a level 2 spell: Blink
   442 | D:1      | Reached skill level 1 in Poison Magic
   893 | D:1      | Learned a level 1 spell: Sting
  1062 | D:2      | Gained mutation: Your demonic aura sometimes causes spilled
                  | blood to erupt in flames. [demonic ancestry]
  1062 | D:2      | Reached XP level 3. HP: 24/27 MP: 3/6
  1172 | D:2      | Found Wair's Jewellery Shoppe.
  1349 | D:2      | Found a faded altar of an unknown god.
  1477 | D:2      | Found a runed translucent door.
  1478 | D:2      | Noticed Crazy Yiuf
  1827 | D:3      | Found a shimmering blue altar of Sif Muna.
  1933 | D:3      | Reached skill level 2 in Poison Magic
  2038 | D:3      | Gained mutation: You have a tail ending in a sharp stinger.
                  | [demonic ancestry]
  2038 | D:3      | Reached XP level 4. HP: 33/33 MP: 7/7
  2192 | D:3      | Noticed Natasha
  2237 | D:3      | Killed Natasha
  2552 | D:3      | Learned a level 4 spell: Olgreb's Toxic Radiance
  2662 | D:3      | Noticed Natasha
  2675 | D:3      | Killed Natasha
  2676 | D:3      | Reached XP level 5. HP: 22/38 MP: 4/8
  3078 | D:3      | Noticed Natasha
  3090 | D:3      | Killed Natasha
  3091 | D:3      | Reached skill level 3 in Poison Magic
  3719 | D:4      | Noticed a necrophage
  4000 | D:4      | Found an ancient bone altar of Kikubaaqudgha.
  4006 | D:4      | Found a radiant altar of Vehumet.
  4007 | D:4      | Found an opulent altar of Gozag.
  4007 | D:4      | Found a hazy altar of Hepliaklqana.
  4008 | D:4      | Found an ornate altar of the Wu Jian Council.
  4008 | D:4      | Found a hide-covered altar of Uskayaw.
  4010 | D:4      | Found an iron altar of Okawaru.
  4011 | D:4      | Found a bloodstained altar of Trog.
  4158 | D:4      | Found a stormy altar of Qazlal.
  4181 | D:4      | Noticed a sky beast
  4206 | D:4      | Killed a sky beast
  4207 | D:4      | Gained mutation: You are partially covered in yellow
                  | scales. (AC +2) [demonic ancestry]
  4207 | D:4      | Reached XP level 6. HP: 19/47 MP: 5/9
  4421 | D:5      | Entered Level 5 of the Dungeon
  4539 | D:4      | Reached skill level 1 in Transmutations
  4541 | D:4      | Reached skill level 4 in Poison Magic
  4837 | D:5      | Gained mutation: You are partially covered in sharp spines.
                  | [demonic ancestry]
  4837 | D:5      | Reached XP level 7. HP: 45/52 MP: 10/10
  4994 | D:5      | Found a staircase to the Ecumenical Temple.
  5144 | D:5      | Reached skill level 5 in Poison Magic
  5375 | D:5      | Found a snail-covered altar of Cheibriados.
  6269 | D:5      | Became a worshipper of Cheibriados the Contemplative
  6333 | D:6      | Reached skill level 6 in Poison Magic
  6339 | D:6      | Gained mutation: You have a sharp stinger which inflicts
                  | weakening toxins. [demonic ancestry]
  6339 | D:6      | Reached XP level 8. HP: 48/58 MP: 12/12
  7039 | D:7      | Reached * piety under Cheibriados
  7047 | D:7      | Reached skill level 7 in Poison Magic
  7049 | D:7      | Noticed Maggie
  7402 | D:7      | Reached skill level 5 in Fighting
  7490 | D:7      | Killed Maggie
  7491 | D:7      | Reached XP level 9. HP: 12/68 MP: 10/13
  8050 | D:8      | Reached skill level 5 in Short Blades
  8064 | D:8      | Found Xigadame's General Store.
  8072 | D:8      | Bought a potion of heal wounds for 55 gold pieces
  8094 | D:8      | Reached skill level 8 in Poison Magic
  8123 | D:8      | Found a flagged portal.
  8133 | Bailey   | Entered a bailey
  8135 | Bailey   | Reached ** piety under Cheibriados
  8461 | Bailey   | Reached skill level 5 in Translocations
  8860 | Bailey   | Reached XP level 10. HP: 76/76 MP: 8/14
  8895 | Bailey   | Reached skill level 9 in Poison Magic
  8967 | Bailey   | Reached *** piety under Cheibriados
  9756 | Bailey   | Identified the +8 bardiche of Eternal Night {antimagic,
                  | Int+7 Dex+3}
 10681 | D:9      | Slain by a wight

Illustrated notes

Levels and vault maps discovered:
D:1:      evilmike_arrival_hilbert_curve, layout_basic
D:2:      layout_basic, serial_shops, nicolae_shop_waterfront,
          basic_ecumenical_altar, minmay_crystal_water, uniq_crazy_yiuf_cottage
D:3:      minmay_skewed_foursquare, layout_rooms, led_sif_book, uniq_natasha
D:4:      layout_loops_cross, nicolae_qazlal_eye_of_the_storm, minitemple,
          chequers_serial_rivers_room_a
D:5:      layout_basic, mainiacjoe_overflow_alcove_4, temple_green,
          guppyfry_early_lair_pool
D:6:      layout_loops_ring
D:7:      layout_basic, serial_glass, glass_columns_a, glass_columns_a,
          glass_columns_a, glass_columns_a, glass_columns_b, glass_columns_a,
          uniq_maggie
D:8:      layout_cave_pods, serial_glass, glass_columns_b, glass_columns_b,
          enter_bailey_4, serial_shops, shop, nicolae_fountain_basement
D:9:      layout_stronghold, orc_0_dummy, serial_shops, shop,
          kennysheep_nondescript, minmay_stone_trees_small, minivault_28

Skill      XL: |  1  2  3  4  5  6  7  8  9 10 |
---------------+-------------------------------+-----
Short Blades   | 2 4 6 |  6.9
Dodging        | 2 |  2.5
Poison Magic   | 1 2 3 4 6 7 8 9 |  9.3
Translocations | 3 4 5 6 |  6.0
Fighting       | 3 5 6 |  6.1
Transmutations | 2 3 |  3.0
Spellcasting   | 3 |  3.0
Long Blades    | |  0.1
Throwing       | |  0.8
Armour         | |  0.8

Action                   |  1- 3 |  4- 6 |  7- 9 | 10-12 || total
-------------------------+-------+-------+-------+-------++-------
Melee: Short sword       |   122 |    82 |       |       ||   204
       Punch             |     3 |       |     3 |     2 ||     8
       Tailslap          |    13 |    12 |    26 |     7 ||    58
       Dagger            |       |    35 |   156 |    48 ||   239
       Long sword        |       |       |       |     4 ||     4
Throw: Boomerang         |       |     3 |       |       ||     3
 Cast: Sting             |     5 |    41 |    45 |    12 ||   103
       Blink             |       |     2 |     8 |     4 ||    14
       Olgreb's Toxic Ra |       |       |    25 |     8 ||    33
  Use: Potion            |       |     1 |     2 |     1 ||     4
       Scroll            |       |       |    12 |       ||    12
 Stab: Sleeping          |       |     2 |       |       ||     2
Armor: Leather armour    |    46 |    26 |    14 |       ||    86
       Steam dragon scal |       |       |    43 |    29 ||    72
Dodge: Dodged            |    80 |   100 |    93 |    66 ||   339

Table legend: (Time is in decaauts)
 A = Elapsed time spent in this place.
 B = Non-inter-level travel time spent in this place.
 C = Inter-level travel time spent in this place.
 D = Time resting spent in this place.
 E = Time spent auto-exploring this place.
 F = Levels seen in this place.
 G = Mean time per level.
                   A        B        C        D        E       F      G
               +--------+--------+--------+--------+--------+-----+--------+
         Total |  11732 |  11315 |    417 |    861 |   8514 |  10 | 1173.2 |
       Dungeon |   9630 |   9213 |    417 |    783 |   7112 |   9 | 1070.0 |
        Bailey |   2102 |   2102 |      0 |     78 |   1401 |   1 | 2102.0 |
               +--------+--------+--------+--------+--------+-----+--------+

Top non-repeatable levels by time:
  Bailey: 2102 daAuts
     D:4: 1574 daAuts
     D:5: 1532 daAuts
     D:3: 1422 daAuts
     D:7: 1307 daAuts
     D:8: 1240 daAuts
     D:1: 935 daAuts
     D:2: 871 daAuts
     D:6: 572 daAuts
     D:9: 174 daAuts
